 Dungeon Crawl Stone Soup version 0.21.1-1-g345015fe64 (webtiles) character file.

75 CInkIbrahim the Poker (level 4, -7/29 HPs)
             Began as an Octopode Gladiator on May 27, 2018.
             Mangled by a gnoll
             ... wielding a +0 halberd
              (10 damage)
             ... on level 2 of the Dungeon.
             The game lasted 00:00:38 (865 turns).

CInkIbrahim the Poker (Octopode Gladiator)           Turns: 865, Time: 00:00:39

Health: -7/29      AC:  1    Str: 13    XL:     4   Next: 31%
Magic:  4/4        EV: 14    Int: 10    God:
Gold:   76         SH:  0    Dex: 14    Spells: 3/3 levels left

rFire    . . .     SeeInvis .   a - +0 trident
rCold    . . .     Gourm    .   (no shield)
rNeg     . . .     Faith    .   b - +0 hat
rPois    .         Spirit   .   (no amulet)
rElec    .         Reflect  .   (no ring)
rCorr    .         Harm     .   (no ring)
MR       .....                  (no ring)
Stlth    ++........             (no ring)
HPRegen  0.09/turn              (no ring)
MPRegen  0.09/turn              (no ring)
                                (no ring)
                                (no ring)

@: no status effects
A: almost no armour, stealthy swim, amphibious, 8 rings, constrict 8, camouflage
1, gelatinous body 1
a: no special abilities


You were on level 2 of the Dungeon.
You were not hungry.

You visited 1 branch of the dungeon, and saw 2 of its levels.

You collected 76 gold pieces.

Inventory:

Hand Weapons
 a - a +0 trident (weapon)
Missiles
 c - 3 throwing nets (quivered)
 h - 3 steel tomahawks
Armour
 b - a +0 hat (worn)
Scrolls
 e - 3 scrolls of fear {unknown}
 f - a scroll of remove curse {unknown}
 g - a scroll of magic mapping {unknown}
 i - a scroll of teleportation {unknown}
Comestibles
 d - 6 rations


   Skills:
 - Level 2.0 Fighting
 + Level 5.0 Polearms
 - Level 2.0 Throwing
 - Level 3.0 Dodging


You had 3 spell levels left.
You didn't know any spells.

Dungeon Overview and Level Annotations

Branches:
Dungeon (2/15)

Altars:


Innate Abilities, Weirdness & Mutations

You cannot wear most types of armour.
You are very stealthy in the water. (Stealth+)
You are amphibious.
You can wear up to eight rings at the same time.
You can use your tentacles to constrict eight enemies at once.
Your skin changes colour to match your surroundings (Stealth+).
Your rubbery body absorbs attacks. (AC +1, EV +1)


Message History

The gnoll shouts!
You hit the hobgoblin. Your grab misses the hobgoblin.
The hobgoblin is severely wounded.
You constrict the adder. The adder closely misses you.
The hobgoblin barely misses you.
You barely miss the hobgoblin. Your grab misses the hobgoblin.
The hobgoblin is severely wounded.
You constrict the adder. The adder closely misses you.
The hobgoblin misses you. The adder barely misses you.
You hit the hobgoblin.
You kill the hobgoblin!
You constrict the adder. The adder barely misses you.
The dart slug launches a dart at you. The slug dart misses you.
The slug dart hits the adder.
The adder dies!
Your Polearms skill increases to level 5!
You hit the kobold.
You kill the kobold!
The gnoll hits you from afar with a halberd!
You die...

#.......##....#....#
##...?....#.####....#
#..S(.......# #....#
#..(r#####..# ###.##
#.r..##..####..# #.#
......##.g.##.## #.#
...##....w.....### #.#
......g####......####.#
##....gg.@)w..........#
####.#####..#.......#
#...###......# #.###
##.....# ... #...#.#
#.. #...#.# #. ....#..
######..#


You could see 3 gnolls and a dart slug.

Vanquished Creatures
  Natasha (D:2)
  A gnoll (D:2)
  2 leopard geckos (D:1)
  2 ball pythons (D:1)
  A giant cockroach (D:1)
  2 goblins
  6 hobgoblins
  6 jackals
  A quokka (D:2)
  9 kobolds
  4 rats
35 creatures vanquished.

Vanquished Creatures (others)
  An adder (D:2)
1 creature vanquished.

Grand Total: 36 creatures vanquished

Notes
Turn   | Place    | Note
-------+----------+-------------------------------------------
     0 | D:1      | CInkIbrahim the Octopode Gladiator began the quest for the Orb.
     0 | D:1      | Reached XP level 1. HP: 14/14 MP: 1/1
    84 | D:1      | Reached XP level 2. HP: 16/19 MP: 2/2
   364 | D:1      | Reached skill level 4 in Polearms
   757 | D:2      | Reached XP level 3. HP: 24/24 MP: 3/3
   838 | D:2      | Noticed Natasha
   844 | D:2      | Killed Natasha
   844 | D:2      | Reached XP level 4. HP: 28/29 MP: 4/4
   864 | D:2      | Reached skill level 5 in Polearms
   865 | D:2      | Mangled by a gnoll

Skill      XL: |  1  2  3  4 |
---------------+-------------+-----
Polearms       | 4 5 |  5.0
Fighting       | |  2.0
Throwing       | |  2.0
Dodging        | |  3.0

Action                   |  1- 3 |  4- 6 || total
-------------------------+-------+-------++-------
Melee: Trident           |    54 |    12 ||    66
       Constrict         |    19 |     2 ||    21
       Tentacles         |     9 |       ||     9
 Stab: Sleeping          |     6 |       ||     6
Dodge: Dodged            |    23 |    15 ||    38
